 Dungeon Crawl Stone Soup version 0.28-a0-199-g298df9dbad (webtiles) character file.

Game seed: 1009457028618010354

5954 Rennog the Fighter (level 11, 0/93 HPs)
             Began as a Formicid Fighter on Aug 19, 2021.
             Was a Follower of Ru.
             Slain by a two-headed ogre (11 damage)
             ... on level 10 of the Dungeon.
             The game lasted 00:17:52 (13229 turns).

Rennog the Fighter (Formicid Fighter)              Turns: 13229, Time: 00:17:52

Health: 0/93       AC: 15    Str: 20    XL:     11   Next: 9%
Magic:  11/11      EV:  6    Int:  9    God:    Ru [*.....]
Gold:   1029       SH: 11    Dex: 19    Spells: 10/10 levels left

rFire   . . .      SeeInvis +   I - +4 dire flail
rCold   . . .      Faith    .   c - +0 kite shield
rNeg    . . .      Spirit   .   r - +0 plate armour
rPois   +          Reflect  .   (helmet unavailable)
rElec   .          Harm     .   (no cloak)
rCorr   .          Rampage  +   (no gloves)
Will    +....                   O - +2 pair of boots {rampage}
Stlth   ..........              k - amulet of the acrobat
HPRegen 0.25/turn               p - ring of poison resistance
MPRegen 0.12/turn               u - +6 ring of dexterity

@: no status effects
A: permanent stasis, dig shafts and tunnels, antennae 3, no hexes magic, no ice
magic, no translocations magic, four strong arms
a: Dig, Shaft Self, Renounce Religion


You were on level 10 of the Dungeon.
You worshipped Ru.
Ru was aware of your devotion.
You visited 2 branches of the dungeon, and saw 11 of its levels.
You also visited: Sewer and Bailey.

You collected 1320 gold pieces.
You spent 291 gold pieces at shops.

Inventory:

Hand Weapons
 v - a +3 mace
 I - a +4 dire flail (weapon)
Missiles
 b - 10 throwing nets
Armour
 a - a +0 pair of boots
 c - a +0 kite shield (worn)
 r - a +0 plate armour (worn)
 O - a +2 pair of boots of rampaging (worn)
Jewellery
 g - a ring of fire
 k - an amulet of the acrobat (around neck)
 p - a ring of poison resistance (left hand)
 u - a +6 ring of dexterity (right hand)
 x - a ring of willpower
 J - an amulet of guardian spirit
 K - a ring of positive energy
 M - a ring of positive energy
Wands
 s - a wand of iceblast (21)
 B - a wand of flame (13)
Scrolls
 h - 6 scrolls of noise
 l - 4 scrolls of immolation
 o - 4 scrolls of teleportation
 t - 3 scrolls of enchant armour {unknown}
 w - a scroll of holy word {unknown}
 y - 2 scrolls of magic mapping {unknown}
 z - a scroll of blinking {unknown}
 A - 3 scrolls of identify
 E - a scroll of acquirement {unknown}
 F - a scroll of enchant weapon {unknown}
 G - a scroll of summoning {unknown}
 N - a scroll of fog {unknown}
 Q - a scroll of vulnerability {unknown}
 R - a scroll of fear {unknown}
Potions
 d - 2 potions of might
 e - 6 potions of haste
 f - a potion of resistance
 i - 6 potions of curing
 j - 3 potions of heal wounds
 m - 3 potions of attraction
 n - a potion of lignification {unknown}
 q - a potion of invisibility {unknown}
 C - 3 potions of mutation {unknown}
 D - 3 potions of flight
 H - a potion of magic {unknown}
 S - a potion of berserk rage {unknown}
Miscellaneous
 L - a box of beasts
 P - a phial of floods


   Skills:
 + Level 11.0 Fighting
 + Level 11.0 Maces & Flails
 + Level 5.0 Armour
 + Level 3.0 Dodging
 + Level 0.1 Stealth
 + Level 6.0 Shields


You had 10 spell levels left.
You didn't know any spells.
Your spell library contained the following spells:

 Spells                   Type           Power      Damage    Failure   Level
 Foxfire                  Conj/Fire      0%         2x1d4     100%        1
 Pain                     Necr           0%         1d4       100%        1
 Sting                    Tmut/Pois      0%         1d3       100%        1
 Poisonous Vapours        Pois/Air       0%         N/A       100%        2
 Conjure Flame            Conj/Fire      0%         6-21      100%        3
 Olgreb's Toxic Radiance  Pois           0%         N/A       100%        4
 Agony                    Necr           0%         N/A       100%        5
 Excruciating Wounds      Necr           0%         N/A       100%        5
 Fireball                 Conj/Fire      0%         3d3       100%        5
 Lightning Bolt           Conj/Air       0%         1d11      100%        5
 Conjure Ball Lightning   Conj/Air       0%         3x3d6     100%        6
 Eringya's Noxious Bog    Tmut/Pois      0%         N/A       100%        6
 Starburst                Conj/Fire      0%         6d3       100%        6
 Ignition                 Fire           0%         3d3       100%        8
 Corona                   Hex            Unusable   N/A       N/A         1
 Ensorcelled Hibernation  Hex/Ice        Unusable   N/A       N/A         2
 Inner Flame              Hex/Fire       Unusable   N/A       N/A         3
 Tukima's Dance           Hex            Unusable   N/A       N/A         3

Dungeon Overview and Level Annotations

Branches:
Dungeon (10/15)            Temple (1/1) D:7           Sewer (visited)
 Bailey (visited)
   Lair: D:8-11         Orc: D:9-12

Altars:
Ashenzari
Cheibriados
Dithmenos
Elyvilon
Fedhas
Gozag
Hepliaklqana
Kikubaaqudgha
Makhleb
Nemelex Xobeh
Qazlal
Ru
Sif Muna
Trog
Uskayaw
Vehumet
Wu Jian
Xom
Yredelemnul
Zin

Shops:
D:4 *   D:8 =

Annotations:
D:6 2 transporters, Jamsdnucbuo's ghost, novice MiFi
D:7 2 transporters, Dittersdorf's ghost, novice GrFi; Grum


Innate Abilities, Weirdness & Mutations

You cannot be hasted, slowed, berserked, paralysed or teleported.
You can dig through walls and to a lower floor.
You have a pair of large antennae on your head. (SInv)
You cannot study or cast Hexes magic.
You cannot study or cast Ice magic.
You cannot study or cast Translocations magic.
Your four strong arms can wield two-handed weapons with a shield.


Message History

You now have 1029 gold pieces (gained 18).
You sense a monster nearby.
As you open the door, it creaks loudly!
You hear two shouts!
You hear a shout!
A two-headed ogre comes into view. It is wielding two +0 giant clubs.
There is an open door here.
A two-headed ogre is nearby!
Press: ? - help, v - describe, . - travel
Here: a two-headed ogre, wielding two +0 giant clubs The floor.
A two-headed ogre is nearby!
You thump the two-headed ogre!
The two-headed ogre is lightly wounded.
The two-headed ogre hits you but does no damage.
The two-headed ogre hits you with a +0 giant club!
You barely miss the two-headed ogre.
The two-headed ogre is lightly wounded.
You block the two-headed ogre's attack. x2
You hit the two-headed ogre.
The two-headed ogre is lightly wounded.
You block the two-headed ogre's attack.
The two-headed ogre hits you with a +0 giant club.
You sock the two-headed ogre!
The two-headed ogre is moderately wounded.
You hit the two-headed ogre.
The two-headed ogre is moderately wounded.
The two-headed ogre hits you with a +0 giant club! x2
You puncture the two-headed ogre!
The two-headed ogre is heavily wounded.
You barely miss the two-headed ogre.
The two-headed ogre is heavily wounded.
You block the two-headed ogre's attack. The two-headed ogre barely misses you.
You bludgeon the two-headed ogre!!
The two-headed ogre is almost dead.
The two-headed ogre hits you with a +0 giant club! x2
You sock the two-headed ogre!
The two-headed ogre is almost dead.
The two-headed ogre hits you with a +0 giant club!!
* * * LOW HITPOINT WARNING * * *
The two-headed ogre hits you with a +0 giant club!
You die...

>............#......)..[.##
........######...........#
........#...........######
..###...#...........# .
#...#...........#
#...#...........#
+...#.........###
#...#.........# #......@..#
#..#..#O..# #.8#...#######.
#. #........... #
#........... {#...........
#........... #'########..
..O............ ≈


You could see a two-headed ogre.

Vanquished Creatures
  Pikel (D:6)
  A cyclops (D:9)
  2 trolls
  A shadow (D:10)
  3 wyverns (D:8)
  A steam dragon (D:7)
  Eustachio (D:6)
  2 water moccasins
  A black bear (D:6)
  An orc warrior (D:9)
  A hornet zombie (D:8)
  A sky beast (D:8)
  An ogre (D:5)
  4 centaurs
  2 phantoms (D:5)
  A bullfrog (D:8)
  4 kobold brigands
  8 gnoll sergeants (Bailey)
  3 scorpions
  2 wyvern zombies
  A water moccasin skeleton (D:6)
  6 wights
  A centaur zombie (D:7)
  A bullfrog zombie (D:7)
  5 hounds
  2 jellies
  8 orc priests
  5 gnoll shamans (Bailey)
  2 bullfrog skeletons
  7 iguanas
  5 orc wizards
  A howler monkey zombie (D:9)
  16 gnolls
  4 adders
  A river rat (D:6)
  5 white imps
  An ufetubus (D:5)
  8 worms
  4 dart slugs
  22 orcs
  11 bats
  9 endoplasms
  3 giant cockroaches
  8 hobgoblins
  4 jackals (Sewer)
  23 kobolds
  8 quokkas
  13 ball pythons
  7 frilled lizards
  7 goblins
  9 rats
  A bush (D:8)
249 creatures vanquished.

Vanquished Creatures (others)
  A gnoll shaman (Bailey)
  6 plants (D:7)
7 creatures vanquished.

Grand Total: 256 creatures vanquished

Notes
Turn   | Place    | Note
-------+----------+-------------------------------------------
     0 | D:1      | Rennog the Formicid Fighter began the quest for the Orb.
     0 | D:1      | Reached XP level 1. HP: 18/18 MP: 1/1
   219 | D:1      | Reached XP level 2. HP: 15/24 MP: 2/2
   706 | D:1      | Reached XP level 3. HP: 30/30 MP: 3/3
  1411 | D:2      | Reached XP level 4. HP: 37/37 MP: 4/4
  2704 | D:3      | Found a shimmering altar of Xom.
  2706 | D:3      | Found a shimmering altar of Xom.
  2707 | D:3      | Found a shimmering altar of Xom.
  2803 | D:3      | Reached XP level 5. HP: 39/42 MP: 5/5
  3111 | D:3      | Reached skill level 5 in Shields
  3758 | D:4      | Reached XP level 6. HP: 45/48 MP: 6/6
  4250 | D:4      | Found Bixt's General Store.
  4266 | D:4      | Bought a potion of curing for 33 gold pieces
  4266 | D:4      | Bought a scroll of identify for 22 gold pieces
  4705 | D:4      | Reached XP level 7. HP: 38/54 MP: 7/7
  5011 | D:5      | Entered Level 5 of the Dungeon
  5013 | D:5      | Got the Handbook of Floating Venom
  5093 | D:5      | Reached skill level 5 in Maces & Flails
  5453 | D:5      | Found a stormy altar of Qazlal.
  6152 | D:5      | Reached skill level 5 in Fighting
  6152 | D:5      | Reached XP level 8. HP: 58/62 MP: 8/8
  6700 | D:6      | Found a glowing drain.
  6707 | Sewer    | Entered a sewer
  7401 | D:6      | Found a transporter.
  7401 | D:6      | Noticed Jamsdnucbuo's ghost (novice MiFi)
  7401 | D:6      | Noticed a two-headed ogre
  7402 | D:6      | Found a transporter.
  8149 | D:6      | Noticed Eustachio
  8158 | D:6      | Noticed Pikel
  8164 | D:6      | Killed Eustachio
  8184 | D:6      | Killed Pikel
  8185 | D:6      | Reached XP level 9. HP: 50/74 MP: 9/9
  8989 | D:7      | Noticed Grum
  9043 | D:7      | Found a staircase to the Ecumenical Temple.
  9051 | Temple   | Entered the Ecumenical Temple
  9117 | Temple   | Became a worshipper of Ru the Awakened
  9465 | D:7      | Found a transporter.
  9471 | D:7      | Found a transporter.
  9719 | D:7      | Identified the ring "Biysia Joat" {+Blink rPois rF+ Dex+2}
  9721 | D:7      | Noticed Dittersdorf's ghost (novice GrFi)
  9846 | D:8      | Reached XP level 10. HP: 83/83 MP: 10/10
  9898 | D:8      | Found a flagged portal.
  9936 | Bailey   | Entered a bailey
 10539 | Bailey   | Reached skill level 10 in Fighting
 10616 | Bailey   | Reached skill level 10 in Maces & Flails
 10616 | Bailey   | Gained mutation: You cannot study or cast Ice magic. [Ru
                  | sacrifice]
 10616 | Bailey   | Gained mutation: You cannot study or cast Hexes magic. [Ru
                  | sacrifice]
 10616 | Bailey   | Gained mutation: You cannot study or cast Translocations
                  | magic. [Ru sacrifice]
 10616 | Bailey   | Reached * piety under Ru
 11202 | D:8      | Reached skill level 1 in Dodging
 11375 | D:8      | Noticed a two-headed ogre
 11597 | D:8      | Found Wesusire's Jewellery Shop.
 11781 | D:4      | Bought a +2 pair of boots of rampaging for 236 gold pieces
 12223 | D:8      | Noticed an ice devil
 12341 | D:9      | Found a basalt altar of Yredelemnul.
 12342 | D:9      | Found a hide-covered altar of Uskayaw.
 12342 | D:9      | Found a burning altar of Makhleb.
 12364 | D:9      | Found an opulent altar of Gozag.
 12805 | D:9      | Noticed a cyclops
 12813 | D:9      | Killed a cyclops
 12814 | D:9      | Reached XP level 11. HP: 73/93 MP: 11/11
 13026 | D:10     | Entered Level 10 of the Dungeon
 13035 | D:10     | Reached skill level 5 in Armour
 13208 | D:10     | Noticed a two-headed ogre
 13229 | D:10     | Slain by a two-headed ogre

Illustrated notes

Levels and vault maps discovered:
D:1:      amcnicky_arrival_flooded_fountain, layout_loops_corners,
          minmay_tromino_v4_a
D:2:      layout_basic, mrwooster_statue_mirror
D:3:      layout_basic, xom_redecorated
D:4:      layout_rooms, serial_shops,
          nicolae_shop_temple_entry_statues_fountains
D:5:      layout_basic, mainiacjoe_overflow_concentric_impassable
D:6:      layout_loops_corners, lightli_sewer_entry_pipes,
          gammafunk_ghost_arena, uniq_pikel, uniq_eustachio
D:7:      layout_loops_ring, minmay_temple_entry_junction,
          gammafunk_ghost_gnarly_gnolls
D:8:      layout_rooms, serial_shops, shop, enter_bailey_3,
          kb_lookout_dungeons_type, hellmonk_guarded_unrand_frostbite
D:9:      layout_roguey, grunt_temple_overflow_open, lightli_minifort
D:10:     layout_irregular_city, kennysheep_okawaru_gauntlet,
          nicolae_tso_swordbearing_angel, david_lair_shrubbed,
          nicolae_trove_entry_isolated, serial_column_ruins,
          column_ruins_hut_ruined, column_ruins_open_large,
          column_ruins_open_medium, column_ruins_open_small,
          column_ruins_corridor_T, column_ruins_grid_3, serial_shops,
          nicolae_shop_window_shopping, chequers_decorated_corner,
          minmay_misc_feat_x, uniq_gastronok
Temple:   eino_temple_lava

Skill      XL: |  1  2  3  4  5  6  7  8  9 10 11 |
---------------+----------------------------------+-----
Shields        | 4 5 6 |  6.0
Maces & Flails | 3 4 5 8 9 10 11 | 11.0
Armour         | 4 5 |  5.0
Fighting       | 4 5 8 9 11 | 11.0
Dodging        | 2 3 |  3.0
Stealth        | |  0.1

Action                   |  1- 3 |  4- 6 |  7- 9 | 10-12 || total
-------------------------+-------+-------+-------+-------++-------
Melee: Flail             |    80 |   127 |       |       ||   207
       Mace              |       |    66 |   298 |       ||   364
       Dire flail        |       |       |    91 |   261 ||   352
Invok: Sacrifice Arcana  |       |       |       |     1 ||     1
 Abil: Dig               |     1 |     3 |       |     2 ||     6
  Use: Scroll            |       |     7 |       |       ||     7
       Potion            |       |       |     1 |       ||     1
 Stab: Held in net/web   |       |       |       |     1 ||     1
Armor: Scale mail        |    31 |     5 |       |       ||    36
       Plate armour      |       |    79 |   190 |    99 ||   368
Dodge: Dodged            |    26 |    46 |   100 |    99 ||   271
Block: Kite shield       |    40 |    87 |   226 |   151 ||   504

Table legend: (Time is in decaauts)
 A = Elapsed time spent in this place.
 B = Non-inter-level travel time spent in this place.
 C = Inter-level travel time spent in this place.
 D = Time resting spent in this place.
 E = Time spent auto-exploring this place.
 F = Levels seen in this place.
 G = Mean time per level.
                   A        B        C        D        E       F      G
               +--------+--------+--------+--------+--------+-----+--------+
         Total |  13548 |  12735 |    813 |   1191 |   9094 |  13 | 1042.2 |
       Dungeon |  11579 |  10784 |    795 |    788 |   8187 |  10 | 1157.9 |
        Temple |     74 |     56 |     18 |      0 |     54 |   1 |   74.0 |
         Sewer |    717 |    717 |      0 |      0 |    473 |   1 |  717.0 |
        Bailey |   1177 |   1177 |      0 |    403 |    380 |   1 | 1177.0 |
               +--------+--------+--------+--------+--------+-----+--------+

Top non-repeatable levels by time:
     D:6: 1702 daAuts
     D:3: 1625 daAuts
     D:5: 1418 daAuts
     D:4: 1372 daAuts
     D:1: 1253 daAuts
     D:2: 1184 daAuts
  Bailey: 1177 daAuts
     D:7: 1108 daAuts
     D:8: 959 daAuts
     D:9: 755 daAuts
   Sewer: 717 daAuts
    D:10: 199 daAuts
  Temple: 74 daAuts
